cohdb
Replays
Latest Replays
All Replays
Popular Replays
Top Player Replays
Match Explorer
How It Works
Community
CoH3 Stats
Reddit
Sign in to upload your games and track your stats! →
Sign in with Steam
Match 41805223
Unlisted
Match 41805223
Overview
Messages
Build Orders
End
Construct Barracks
Selects Special Operations Battlegroup
Riflemen Squad
Riflemen Squad
Grenade Package
Riflemen Squad
Infantry Support Center
Selects M29 Weasel with M1 Pack Howitzer
M29 Weasel with M1 Pack Howitzer
Construct Motor Pool
M8 Greyhound Armored Car
Engineer Squad
M1918 Browning Automatic Rifles
Selects P-47 Anti-Infantry Loiter
P-47 Anti-Infantry Loiter
ShoulderGuy
我晋升你为上士
A Hard Boiled Egg
Mr. AAAAAAYYYle
0
0
Comments
sign in to comment!
No comments posted yet!